 Dungeon Crawl Stone Soup version 0.17.1-1-g73c8601 (webtiles) character file.

4010 Mysteryquy the Severer (level 10, -3/114 (115) HPs)
             Began as a Minotaur Berserker on Jan 7, 2016.
             Was a High Priest of Trog.
             Slain by a ten-headed hydra (9 damage)
             ... on level 9 of the Dungeon.
             The game lasted 00:17:38 (8751 turns).

Mysteryquy the Severer (Minotaur Berserker)         Turns: 8751, Time: 00:17:39

HP:   -3/114 (115)  AC:  6    Str: 30    XL:     10   Next: 3%
MP:   9/9           EV: 11    Int:  4    God:    Trog [*****.]
Gold: 175           SH:  0    Dex: 10    Spells: 0 memorised, 9 levels left

rFire  . . .     SeeInvis .     F - +0 war axe
rCold  + . .     Clarity  .     i - +0 ring mail
rNeg   . . .     SustAt   .     (no shield)
rPois  +         Gourm    .     E - +1 hat
rElec  .         Spirit   .     (no cloak)
rCorr  .         Warding  .     (no gloves)
rMut   +         Stasis   .     (no boots)
MR     .....                    d - amulet of resist mutation
Stlth  ..........               G - ring of poison resistance
                                y - ring of protection from cold

@: berserking, very quick, not resistant to hostile enchantments, extremely
unstealthy
A: retaliatory headbutt, horns 2
a: Berserk, Trog's Hand, Brothers in Arms, Burn Spellbooks, Renounce Religion


You were on level 9 of the Dungeon.
You worshipped Trog.
Trog was extremely pleased with you.
You were hungry.

You visited 1 branch of the dungeon, and saw 9 of its levels.
You also visited: Bailey.

You collected 414 gold pieces.
You spent 239 gold pieces at shops.

Inventory:

Hand Weapons
 a - a +0 hand axe
 F - a +0 war axe (weapon)
Missiles
 O - a steel tomahawk (quivered)
Armour
 b - a +0 animal skin
 i - a +0 ring mail (worn)
 E - a +1 hat (worn)
Jewellery
 d - an amulet of resist mutation (around neck)
 j - an uncursed amulet of regeneration {unknown}
 y - a ring of protection from cold (left hand)
 G - a ring of poison resistance (right hand)
 N - an uncursed ring of stealth {unknown}
Wands
 B - a wand of random effects (35)
 D - a wand of fire (12)
 H - a wand of enslavement (13)
 J - a wand of frost (26)
 K - a wand of confusion (28)
Scrolls
 h - 6 scrolls of identify {unknown}
 k - 3 scrolls of blinking {unknown}
 l - 2 scrolls of enchant armour {unknown}
 m - 5 scrolls of remove curse {unknown}
 n - a scroll of fear {unknown}
 p - a scroll of enchant weapon {unknown}
 q - 2 scrolls of teleportation
 r - 4 scrolls of fog {unknown}
 s - 2 scrolls of amnesia {unknown}
 I - 2 scrolls of random uselessness {unknown}
 M - a scroll of vulnerability {unknown}
 P - a scroll of recharging {unknown}
 Q - a scroll of magic mapping {unknown}
Potions
 e - 4 potions of agility
 g - a potion of invisibility {unknown}
 o - a potion of cancellation {unknown}
 t - a potion of ambrosia {unknown}
 u - 4 potions of might {unknown}
 v - 3 potions of mutation {unknown}
 z - 2 potions of degeneration {unknown}
 A - 2 potions of lignification {unknown}
 C - a potion of poison {unknown}
 R - a potion of cure mutation {unknown}
Comestibles
 c - 7 bread rations
 f - 5 meat rations
 w - 6 fruits
 x - 4 beef jerkies
 L - 8 slices of pizza


   Skills:
 - Level 3.6 Fighting
 + Level 16.3 Axes
 - Level 2.4 Armour
 - Level 2.1 Dodging
 + Level 0.6 Evocations


You had 9 spell levels left.
You didn't know any spells.

Dungeon Overview and Level Annotations

Branches:
Dungeon (9/15)             Temple (0/1) D:6
   Lair: D:8-11         Orc: D:9-12

Altars:
Dithmenos
Gozag
Kikubaaqudgha
Makhleb
Nemelex Xobeh
Ru
Sif Muna
Vehumet
Xom
Yredelemnul
Zin
The Shining One

Shops:
D:4 *(?   D:6 =

Annotations:
D:6 exclusion: oklob plant


Innate Abilities, Weirdness & Mutations

You reflexively headbutt those who attack you in melee.
You have a pair of horns on your head.


Message History

* * * LOW HITPOINT WARNING * * *
The nine-headed hydra misses you. The nine-headed hydra bites you.
* * * LOW HITPOINT WARNING * * *
The nine-headed hydra bites you!
* * * LOW HITPOINT WARNING * * *
The nine-headed hydra bites you.
* * * LOW HITPOINT WARNING * * *
Unknown command.
You are too injured to fight recklessly!
You are too injured to fight recklessly!
You lop one of the nine-headed hydra's heads off!
The eight-headed hydra grows two more!
You slash the ten-headed hydra!
The ten-headed hydra is severely wounded.
You barely miss the ten-headed hydra.
The ten-headed hydra is severely wounded.
The ten-headed hydra bites you.
* * * LOW HITPOINT WARNING * * *
The ten-headed hydra bites you but does no damage.
The ten-headed hydra bites you!
You die...

#...# #(..# #...#
#...# #...# #...#
#...# #D.## ..
#@.# ... #..#
...######..#
.........5.#
...........#
............######
................#
.....)..........#
...#####........#


You could see a ten-headed hydra and a crimson imp.

Vanquished Creatures
  Sigmund (D:3)
  Eustachio (D:6)
  A human (D:7)
  A hippogriff (D:9)
  Menkaure (D:6)
  An ice beast (D:8)
  Duvessa (D:5)
  A phantom (D:4)
  A necrophage (D:9)
  5 orc warriors (Bailey)
  4 ogres (D:7)
  3 sky beasts
  2 centaurs
  4 giant frogs
  A wyvern skeleton (D:8)
  4 scorpions
  Dowan (D:5)
  3 wights (D:7)
  A crimson imp (D:5)
  2 giant frog zombies
  A wasp zombie (D:7)
  2 orc priests
  A giant frog skeleton (D:8)
  5 hounds
  3 orc wizards
  An iguana (D:5)
  7 worker ants
  4 sheep (D:7)
  A hound skeleton (D:6)
  16 adders
  2 gnolls (Bailey)
  3 shadow imps
  2 oozes
  An adder skeleton (D:6)
  2 worms
  5 giant geckos
  19 orcs
  2 ball pythons
  8 bats
  A bat zombie (D:6)
  8 goblins
  10 hobgoblins
  3 jackals
  13 kobolds
  4 giant cockroaches
  A giant gecko zombie (D:7)
  A giant newt (D:7)
  A quokka zombie (D:5)
  10 rats
176 creatures vanquished.

Vanquished Creatures (others)
  An orc wizard (D:3)
1 creature vanquished.

Grand Total: 177 creatures vanquished

Notes
Turn   | Place    | Note
--------------------------------------------------------------
     0 | D:1      | Mysteryquy the Minotaur Berserker began the quest for the Orb.
     0 | D:1      | Reached XP level 1. HP: 19/19 MP: 0/0
    29 | D:1      | Reached skill level 4 in Axes
    90 | D:1      | Reached XP level 2. HP: 17/26 MP: 1/1
   734 | D:2      | Reached skill level 5 in Axes
   831 | D:2      | Found a sparkling altar of Nemelex Xobeh.
   867 | D:2      | Reached XP level 3. HP: 31/31 MP: 2/2
   877 | D:2      | Found a glowing golden altar of the Shining One.
   881 | D:2      | Found an opulent altar of Gozag.
   887 | D:2      | Found a radiant altar of Vehumet.
   887 | D:2      | Found a sparkling altar of Nemelex Xobeh.
   897 | D:2      | Reached ** piety under Trog
  1596 | D:3      | Reached skill level 6 in Axes
  1596 | D:3      | Reached XP level 4. HP: 30/39 MP: 3/3
  1622 | D:3      | Found a shadowy altar of Dithmenos.
  2129 | D:3      | Noticed Sigmund
  2145 | D:3      | Killed Sigmund
  2145 | D:3      | Reached skill level 8 in Axes
  2145 | D:3      | Reached XP level 5. HP: 38/45 MP: 0/4
  2145 | D:3      | Reached XP level 6. HP: 43/51 MP: 0/5
  2260 | D:3      | Reached *** piety under Trog
  2408 | D:4      | Found Roant's Magic Scroll Emporium.
  2416 | D:4      | Bought a scroll of teleportation for 39 gold pieces
  2497 | D:4      | Found Vokh's Antique Weapon Shop.
  2593 | D:4      | Found Raded's Assorted Antiques.
  2678 | D:4      | Found a sacrificial altar of Ru.
  2743 | D:4      | Reached skill level 9 in Axes
  3348 | D:4      | Reached XP level 7. HP: 34/57 MP: 6/6
  3571 | D:5      | Entered Level 5 of the Dungeon
  3571 | D:5      | Noticed Eustachio
  3736 | D:5      | Reached skill level 10 in Axes
  4018 | D:5      | Noticed Dowan
  4019 | D:5      | Noticed Duvessa
  4024 | D:5      | Killed Dowan
  4032 | D:5      | Killed Duvessa
  4111 | D:5      | Found a basalt altar of Yredelemnul.
  4203 | D:5      | Reached skill level 11 in Axes
  4465 | D:5      | Found a burning altar of Makhleb.
  4471 | D:5      | Reached XP level 8. HP: 61/64 MP: 7/7
  4599 | D:6      | Noticed Menkaure
  4610 | D:6      | Killed Menkaure
  4614 | D:6      | Killed Eustachio
  4614 | D:6      | Reached skill level 12 in Axes
  4669 | D:6      | Found a staircase to the Ecumenical Temple.
  4845 | D:6      | Found Omnussag's Jewellery Boutique.
  4849 | D:6      | Bought an uncursed ring of poison resistance for 200 gold pieces
  5183 | D:6      | Found an ancient bone altar of Kikubaaqudgha.
  5311 | D:6      | Found an ancient bone altar of Kikubaaqudgha.
  5311 | D:6      | Noticed an oklob plant
  5813 | D:7      | Reached **** piety under Trog
  5846 | D:7      | Reached skill level 13 in Axes
  6456 | D:7      | Reached XP level 9. HP: 64/70 MP: 8/8
  6495 | D:7      | Reached skill level 14 in Axes
  6668 | D:7      | Found a deep blue altar of Sif Muna.
  6819 | D:7      | Found a sparkling altar of Nemelex Xobeh.
  7024 | D:8      | Found a flagged portal.
  7036 | Bailey   | Entered a bailey
  7083 | Bailey   | Reached skill level 15 in Axes
  7409 | Bailey   | Reached ***** piety under Trog
  7731 | D:8      | Found a shimmering altar of Xom.
  7732 | D:8      | Found a glowing silver altar of Zin.
  7732 | D:8      | Noticed an angel
  8273 | D:9      | Reached skill level 16 in Axes
  8499 | D:9      | Reached XP level 10. HP: 31/76 MP: 9/9
  8723 | D:9      | Received a gift from Trog
  8732 | D:9      | Noticed a four-headed hydra
  8751 | D:9      | Slain by a ten-headed hydra

Action                   |  1- 3 |  4- 6 |  7- 9 | 10-12 || total
-------------------------+-------+-------+-------+-------++-------
Melee: Hand axe          |    83 |   109 |   122 |       ||   314
       War axe           |       |       |   278 |     9 ||   287
Throw: Tomahawk          |       |       |       |     1 ||     1
Invok: Berserk           |       |     1 |     4 |     1 ||     6
       Burn Spellbooks   |       |       |     2 |       ||     2
       Trog's Hand       |       |       |     2 |       ||     2
Evoke: Wand              |       |       |     1 |       ||     1
  Use: Scroll            |       |       |     1 |       ||     1
       Potion            |       |       |     1 |       ||     1
  Eat: Chunk             |     2 |     7 |    21 |       ||    30
